Cid, chaotic male elven Rogue ------ ------ .....| ##)....| |....| # |<...| |....| ------##+#|....| |....| |....|# ------ |+.[..##### |....|# .....| # |....-# ------ ##.....| |....| ------ Cid the Cutpurse Experience level: 4 Strength: 14 Dexterity: 16 Constitution: 15 Intelligence: 13 Wisdom: 10 Charisma: 11 Health: 28(28) Energy: 20(20) Def: 6 Gold: 131 Moves: 2414 Dungeon seed: In1l5Q6EeXeL66QQ Game ID: Cid_1588174908 Your Inventory: Coins $ - 131 gold pieces Weapons a - an uncursed +0 elven short sword (weapon in hand) b - 15 uncursed +0 elven daggers S - an uncursed +2 battle-axe named Axe of Disaster W - a cursed -3 sling Armor e - an uncursed +1 leather armor n - an uncursed +0 banded mail (being worn) y - an uncursed +0 elven mithril-coat Comestibles r - an uncursed tin of kobold meat Scrolls x - an uncursed scroll of fire Q - an uncursed scroll of water Potions c - an uncursed potion of sickness t - an uncursed potion of confusion O - a blessed potion of levitation T - 2 uncursed potions of monster detection Wands h - an uncursed wand of opening (0:3) q - an uncursed rusty wand of make invisible (0:5) Tools d - an uncursed lock pick f - an uncursed sack g - an uncursed blindfold l - an uncursed mirror Spells and supernatural/magical abilities: Name Level Category Fail Memory W - pray for help -- divine ? -- Your skills at the end: Miscellaneous Skills wands [Basic] Weapon Skills dagger [Basic] short sword [Basic] Spellcasting Skills Final Attributes: You were devoutly aligned. You were sleep resistant. You were hallucinating. You had infravision. You were going to confuse monsters. You were somewhat stealthy. You are dead. Vanquished creatures: a kitten a hobbit an acid blob a brown mold 3 jackals a kobold 6 newts a goblin 2 sewer rats 3 grid bugs a bat 3 lichens and a partridge in a pear tree 24 creatures vanquished. Voluntary challenges: You did not adorn yourself with jewelry or accessories. You did not cause conflict. You were not invisible. You did not have reflection. You were not displaced. You used a wielded weapon 16 times, starting on turn 24. You did not apply a unicorn horn. You did not use sinks. You read items or engraved 7 times, starting on turn 832. You never genocided any monsters. You never polymorphed an object. You never changed form. You used no wishes. You never split a pudding. You never wrote Elbereth's name. You violated your moral code, losing 5 points of alignment, starting on turn 2032. Dungeon overview: The Dungeons of Doom: levels 1 to 4 Level 1 a long staircase Level 2 a fountain Level 3 stairs to The Gnomish Mines Level 4 <- You were here The Gnomish Mines: Level 4 stairs to The Dungeons of Doom History has recorded: On T:1 you entered the Dungeons of Doom to retrieve the Amulet of Yendor! On T:454 you reached level 2 of The Dungeons of Doom. On T:752 you advanced to experience level 2. On T:829 you prayed to Kos. On T:1074 you reached level 3 of The Dungeons of Doom. On T:1243 you advanced to experience level 3. On T:1334 you reached level 1 of The Gnomish Mines. On T:1653 you reached level 4 of The Dungeons of Doom. On T:2032 you advanced to experience level 4. Score breakdown: Gold: 131 ( 13 points) Experience: 4 levels ( 300 points) Exploration: 4 levels ( 90 points) Discoveries: 13 items ( 650 points) Variety of kills: 12 monsters ( 600 points) Major goal: (nothing yet) ( 0 points) Survival: died (score multiplied by 3) Total score: 4959 Latest messages: You come to. You stop opening the tin. You faint from lack of food. You come to. You faint from lack of food. You come to. You faint from lack of food. You come to. You faint from lack of food. You come to. You faint from lack of food. You come to. You drop a +0 banded mail. Your movements are only slowed slightly by your load. You faint from lack of food. You come to. You faint from lack of food. You die from starvation. The sack is empty. The sack is empty. Final status: Goodbye Cid the Rogue, died of starvation, while fainted from lack of food... You starved in The Dungeons of Doom on dungeon level 4 with 4959 points, and 131 pieces of gold, after 2414 moves. You were level 4 with a maximum of 28 hit points when you starved.